AoeStats
← bullseyes

Arena

506088596Analyzed
4v4 RM · 21d ago on Sep 12, 2026· 49m 27s· 8 players
Game mode
Random Map
Map size
Large (8 player)
Population
200
Speed
Normal
Resources
Standard
Victory
Conquest
Starting age
Dark Age
Ending age
Imperial Age
RankedLock teamsTeams togetherTeam positionsShared explorationLock speedFull tech treeHidden civsTurbo modeCheats
Victory
Defeat
🇦🇷 Huns · Argentina
1579
+12
🇦🇷 Italians · Argentina
1577
+12
🇨🇳 Franks · China
1558
+12
🇹🇼 Armenians · Taiwan
1496
+15
🇧🇪 Bohemians · Belgium
1543
-16
🇨🇳 Persians · China
1468
-12
🇺🇿 Vietnamese · Uzbekistan
1455
-12
🇲🇴 Magyars · Macao SAR China
1442
-11
karbid
9:37 Feudal Age
14:05 Castle Age
12:13 Double-Bit Axe
12:57 Horse Collar
14:38 Wheelbarrow
18:20 Loom
25:13 Fortified Wall
26:20 Fletching
26:31 Padded Archer Armor
26:55 Ballistics
27:02 Bodkin Arrow
27:57 Hand Cart
27:27 Town Watch
29:00 Bow Saw
28:53 Heavy Plow
33:52 Imperial Age
33:01 Leather Archer Armor
33:27 Gold Mining
33:54 Elite Rattan Archer
34:55 Bracer
36:23 Chemistry
36:12 Ring Archer Armor
36:24 Paper Money
37:03 Siege Engineers
36:56 Murder Holes
40:57 Two-Man Saw
40:30 Crop Rotation
42:06 Hoardings
44:32 Forging
44:23 Scale Mail Armor
44:28 Scale Barding Armor
49:13 Caravan
咚哩个咚
10:32 Feudal Age
14:08 Castle Age
12:14 Double-Bit Axe
15:06 Bow Saw
19:48 Horse Collar
22:43 Wheelbarrow
22:51 Loom
23:38 Scale Barding Armor
24:13 Bloodlines
25:30 Forging
25:14 Gold Mining
28:36 Gold Shaft Mining
32:22 Imperial Age
30:28 Chain Barding Armor
31:06 Heavy Plow
31:24 Hand Cart
31:48 Iron Casting
31:41 Stone Mining
32:14 Husbandry
33:18 Plate Barding Armor
33:44 Blast Furnace
32:12 Cavalier
33:19 Conscription
32:58 Light Cavalry
33:31 Fletching
34:08 Savar
35:51 Coinage
34:58 Capped Ram
36:02 Scale Mail Armor
37:20 Chemistry
37:50 Siege Ram
40:51 Banking
40:32 Guilds
41:46 Two-Man Saw
41:52 Kamandaran
42:58 Squires
42:28 Pikeman
43:27 Chain Mail Armor
43:57 Halberdier
45:47 Plate Mail Armor
46:02 Ballistics
45:53 Masonry
45:48 Bodkin Arrow
45:53 Padded Archer Armor
45:17 Elite Skirmisher
45:17 Crossbowman
46:06 Thumb Ring
48:02 Leather Archer Armor
HOU
11:04 Feudal Age
14:40 Castle Age
12:49 Double-Bit Axe
12:44 Horse Collar
13:02 Horse Collar
15:21 Heavy Plow
15:32 Bow Saw
23:26 Gold Mining
23:51 Stone Mining
28:20 Imperial Age
25:37 Loom
25:38 Town Watch
26:32 Wheelbarrow
27:06 Gold Shaft Mining
26:40 Scale Barding Armor
26:44 Fletching
27:11 Padded Archer Armor
27:42 Ballistics
27:58 Thumb Ring
27:51 Bodkin Arrow
29:05 Leather Archer Armor
28:52 Husbandry
29:08 Bloodlines
29:23 Hand Cart
29:39 Crop Rotation
30:14 Two-Man Saw
28:50 Light Cavalry
30:16 Chain Barding Armor
30:47 Parthian Tactics
30:27 Pikeman
31:44 Scale Mail Armor
33:35 Chemistry
32:47 Masonry
32:59 Halberdier
34:22 Bracer
34:58 Plate Barding Armor
34:39 Chain Mail Armor
35:01 Ring Archer Armor
34:11 Heavy Cavalry Archer
35:41 Conscription
35:50 Siege Engineers
35:26 Treadmill Crane
36:24 Recurve Bow
36:46 Corvinian Army
38:57 Hoardings
38:26 Elite Magyar Huszar
42:04 Elite Skirmisher
42:56 Imperial Skirmisher
bullseyes
10:39 Feudal Age
14:15 Castle Age
12:20 Double-Bit Axe
12:31 Horse Collar
15:23 Bow Saw
17:59 Fervor
22:06 Wheelbarrow
21:16 Loom
23:18 Heavy Plow
25:11 Hand Cart
28:34 Imperial Age
27:09 Fletching
28:29 Chemistry
27:49 Ballistics
27:40 Masonry
28:29 Bodkin Arrow
30:00 Treadmill Crane
30:46 Forging
30:36 Scale Mail Armor
30:18 Pikeman
30:58 Squires
31:53 Architecture
31:10 Halberdier
32:30 Iron Casting
34:04 Conscription
33:49 Wagenburg Tactics
35:12 Chain Mail Armor
35:58 Blast Furnace
44:20 Elite Skirmisher
45:20 Bracer
45:21 Padded Archer Armor
45:00 Imperial Skirmisher
倒挂着的树枝
10:46 Feudal Age
11:29 Double-Bit Axe
16:12 Castle Age
14:01 Horse Collar
14:56 Gold Mining
15:18 Stone Mining
17:34 Bow Saw
19:39 Heavy Plow
26:30 Wheelbarrow
30:09 Imperial Age
29:38 Hand Cart
30:01 Loom
31:21 Scale Mail Armor
31:32 Forging
33:06 Ballistics
33:46 Chemistry
33:56 Conscription
33:33 Capped Ram
34:44 Fletching
34:57 Padded Archer Armor
35:51 Ballistics
35:28 Bodkin Arrow
36:19 Bracer
36:20 Padded Archer Armor
36:48 Elite Genoese Crossbowman
37:16 Treadmill Crane
37:55 Chain Mail Armor
39:49 Leather Archer Armor
40:04 Plate Mail Armor
40:10 Iron Casting
40:09 Coinage
39:51 Guilds
41:01 Masonry
43:50 Two-Man Saw
45:59 Architecture
46:02 Ring Archer Armor
46:13 Light Cavalry
47:04 Bloodlines
46:54 Husbandry
47:59 Blast Furnace
47:04 Scale Barding Armor
47:35 Hussar
ME_DEPRIME_JUGAR_CON_USTEDES
10:31 Feudal Age
11:46 Double-Bit Axe
12:05 Horse Collar
15:14 Castle Age
14:03 Gold Mining
18:31 Coinage
18:27 Bow Saw
19:33 Heavy Plow
23:57 Wheelbarrow
23:44 Town Watch
24:23 Loom
32:11 Imperial Age
29:58 Marauders
30:11 Scale Barding Armor
31:11 Gold Shaft Mining
30:48 Forging
31:26 Hand Cart
31:38 Chain Barding Armor
32:35 Bloodlines
33:41 Iron Casting
33:33 Conscription
33:42 Elite Tarkan
35:14 Plate Barding Armor
35:59 Blast Furnace
36:06 Husbandry
35:33 Pikeman
36:13 Squires
36:14 Scale Mail Armor
37:24 Two-Man Saw
36:44 Halberdier
37:37 Cavalier
39:04 Chain Mail Armor
38:32 Light Cavalry
40:15 Padded Archer Armor
40:05 Fletching
39:57 Paladin
44:18 Bodkin Arrow
44:38 Leather Archer Armor
47:56 Leather Archer Armor
49:25 Capped Ram
牛拉松
10:42 Feudal Age
12:12 Double-Bit Axe
14:39 Castle Age
14:00 Horse Collar
15:34 Bow Saw
21:10 Fervor
22:25 Loom
23:03 Sanctity
24:28 Heavy Plow
25:42 Scale Mail Armor
25:53 Forging
27:40 Wheelbarrow
31:37 Imperial Age
29:51 Ballistics
29:42 Fortified Wall
29:43 Masonry
30:51 Hand Cart
30:22 Town Watch
30:39 Stone Mining
31:26 Chain Mail Armor
32:03 Gold Mining
32:57 Iron Casting
32:13 Fletching
32:23 Padded Archer Armor
33:31 Chemistry
33:11 Elite Skirmisher
33:25 Pikeman
33:51 Arson
34:08 Squires
33:33 Man-at-Arms
33:58 Gambesons
34:10 Bodkin Arrow
34:18 Halberdier
36:03 Conscription
35:49 Fereters
35:33 Long Swordsman
36:13 Squires
47:30 Plate Mail Armor
48:00 Blast Furnace
49:47 Bracer
小白
10:24 Feudal Age
14:03 Castle Age
12:22 Double-Bit Axe
15:03 Bow Saw
16:33 Loom
23:40 Wheelbarrow
22:59 Gold Mining
24:31 Gold Shaft Mining
29:01 Imperial Age
26:54 Scale Barding Armor
28:12 Chain Barding Armor
27:53 Husbandry
28:42 Forging
29:06 Cavalier
30:22 Plate Barding Armor
30:09 Conscription
30:44 Chivalry
31:32 Paladin
33:50 Iron Casting
33:59 Hand Cart
33:38 Stone Mining
35:32 Blast Furnace
36:06 Ballistics
36:27 Scale Mail Armor
36:28 Squires
37:27 Chain Mail Armor
37:35 #83
36:39 Light Cavalry
37:24 Elite Throwing Axeman
38:39 Plate Mail Armor
39:53 Fletching
41:07 Chemistry
40:45 Hoardings
41:01 Bodkin Arrow
40:53 Arson
42:13 Murder Holes
42:29 Masonry
43:04 Town Watch
43:51 Coinage
47:38 Architecture
49:05 Siege Engineers
Connection lost

Rejoining the realm…

Still unreachable

The connection could not be restored.

Session expired

The server has moved on; the page needs a fresh start.